 Dungeon Crawl Stone Soup version 0.18.1-50-g88ac8fd (webtiles) character file.

35709 Gargoyl the Grappler (level 13, -1/131 HPs)
             Began as a Troll Monk on Oct 9, 2016.
             Was the Champion of Makhleb.
             Slain by a seven-headed hydra (5 damage)
             ... on level 8 of the Lair of Beasts.
             The game lasted 00:54:15 (17318 turns).

Gargoyl the Grappler (Troll Monk)                  Turns: 17318, Time: 00:54:15

Health: -1/131     AC:  7    Str: 26    XL:     13   Next: 49%
Magic:  17/17      EV: 18    Int:  6    God:    Makhleb [******]
Gold:   1026       SH: 14    Dex: 19    Spells: 0 memorised, 12 levels left

rFire  + . .     SeeInvis .     Q - +6 flail
rCold  + . .     Gourm    +     a - +1 robe
rNeg   . . .     Faith    .     v - +1 shield
rPois  +         Spirit   .     (helmet restricted)
rElec  +         Dismiss  .     K - +0 cloak (curse)
rCorr  .         Reflect  +     (gloves unavailable)
SustAt .         Harm     .     (boots unavailable)
MR     +++..                    k - +2 amulet of reflection
Stlth  ++........               G - ring of Sunlight {rElec rPois rF+ MR+ Dex+3}
                                W - ring of the Kraken {rPois rC+ MR++ Dex+4}

@: about to teleport, extremely resistant to hostile enchantments, unstealthy
A: unfitting armour, claws 3, fast metabolism 3, gourmand, regeneration 2,
shaggy fur 1, tough skin 2
a: Minor Destruction, Lesser Servant of Makhleb, Major Destruction, Greater
Servant of Makhleb, Renounce Religion


You were on level 8 of the Lair of Beasts.
You worshipped Makhleb.
Makhleb was exalted by your worship.
You were near starving.

You visited 3 branches of the dungeon, and saw 19 of its levels.
You also visited: Labyrinth.

You collected 1306 gold pieces.
You spent 280 gold pieces at shops.

Inventory:

Hand Weapons
 r - a +1 trident
 Q - a +6 flail (weapon)
Missiles
 N - 8 poisoned javelins
 R - 4 large rocks (quivered)
 T - 5 javelins of penetration
Armour
 a - a +1 robe (worn)
 v - a +1 shield (worn)
 K - a cursed +0 cloak (worn)
Jewellery
 k - a +2 amulet of reflection (around neck)
 A - an uncursed ring of resist corrosion
 E - an uncursed amulet of rage
 G - the ring of Sunlight (right claw) {rElec rPois rF+ MR+ Dex+3}
   (You found it on level 3 of the Lair of Beasts)

   [ring of protection from fire]

   It affects your dexterity (+3).
   It protects you from fire.
   It insulates you from electricity.
   It protects you from poison.
   It affects your resistance to hostile enchantments.
 I - an uncursed ring of see invisible
 L - an uncursed ring of protection from cold
 U - an uncursed ring of sustain attributes {unknown}
 W - the ring of the Kraken (left claw) {rPois rC+ MR++ Dex+4}
   (You found it in a labyrinth)

   [ring of protection from cold]

   It affects your dexterity (+4).
   It protects you from cold.
   It protects you from poison.
   It affects your resistance to hostile enchantments.
 Z - an uncursed ring of flight
Wands
 f - a wand of disintegration (11/24)
 h - a wand of acid (11/15)
 n - a wand of digging (18/24)
 p - a wand of iceblast (5/15)
 q - a wand of iceblast (6/15)
 z - a wand of disintegration (3/24)
 J - a wand of lightning (3/15)
 P - a wand of digging (9/24)
Scrolls
 c - 4 scrolls of recharging
 d - a scroll of identify
 l - 4 scrolls of magic mapping
 y - 5 scrolls of remove curse
 F - a scroll of amnesia
 S - a scroll of summoning
Potions
 e - a potion of cancellation
 g - 3 potions of brilliance
 m - 3 potions of might
 o - 2 potions of curing
 t - a potion of ambrosia
 w - 2 potions of cure mutation
 C - 3 potions of haste
 O - a potion of flight
Books
 x - a book of Dreams

   Spells                             Type                      Level
   a - Ensorcelled Hibernation        Hexes/Ice                    2
   b - Silence                        Hexes/Air                    5
   c - Darkness                       Hexes                        6
   d - Shadow Creatures               Summoning                    6
 D - a book of Minor Magic

   Spells                             Type                      Level
   a - Magic Dart                     Conjuration                  1
   b - Blink                          Translocation                2
   c - Call Imp                       Summoning                    2
   d - Repel Missiles                 Charms/Air                   2
   e - Slow                           Hexes                        2
   f - Conjure Flame                  Conjuration/Fire             3
   g - Mephitic Cloud                 Conjuration/Poison/Air       3
Comestibles
 b - 12 bread rations
 i - 2 slices of pizza
 j - 5 fruits
 s - 8 meat rations
 B - a beef jerky


   Skills:
 * Level 9.0 Fighting
 + Level 1.1 Throwing
 + Level 10.7 Dodging
 - Level 2.3 Stealth
 + Level 7.5 Shields
 * Level 12.6 Unarmed Combat
 * Level 6.8 Invocations
 + Level 0.2 Evocations


You had 12 spell levels left.
You didn't know any spells.

Dungeon Overview and Level Annotations

Branches:
Dungeon (10/15)            Temple (1/1) D:4            Lair (8/8) D:8
 Shoals (0/4) Lair:5        Snake (0/4) Lair:4        Slime (0/6) Lair:6
    Orc: D:9-12

Altars:
Cheibriados
Dithmenos
Fedhas
Gozag
Kikubaaqudgha
Makhleb
Okawaru
Pakellas
Ru
Vehumet
Xom
The Shining One

Shops:
D:7 =


Innate Abilities, Weirdness & Mutations

You are too large for most types of armour.
You have claws for hands.
Your metabolism is lightning-fast.
You like to eat raw meat.
You heal very quickly.
You are covered in fur (AC +1).
You have very tough skin (AC +2).


Message History

* * * LOW HITPOINT WARNING * * *
The yak completely misses you.
Your surroundings suddenly seem different.
The seven-headed hydra barely misses you.
The seven-headed hydra closely misses you.
The seven-headed hydra completely misses you.
You block the seven-headed hydra's attack. x3
The seven-headed hydra bites you!
* * * LOW HITPOINT WARNING * * *
Unknown command.
Read which item? (? for menu, Esc to quit)
As you read the scroll of teleportation, it crumbles to dust.
You feel strangely unstable.
You block the seven-headed hydra's attack.
The seven-headed hydra bites you!
* * * LOW HITPOINT WARNING * * *
The seven-headed hydra bites you but does no damage.
You block the seven-headed hydra's attack. x2
The seven-headed hydra bites you.
You die...

#...........^.......#...
##................### ..
#.................##..
#...##.#..###....PPPP..
#...#.....##......PP...
.....#.......P... ...
..#..........
...?.#DP.......$.
#....@....#..P.
.......#..P#..###
.............#
.................
......#..##..#..#
...#.####. ### ## P#.##
# #


You could see a seven-headed hydra.

Vanquished Creatures
  Rupert (Lair:3)
  A hydra (Lair:8)
  9 death yaks
  A hill giant (D:10)
  2 oklob plants (Lair:6)
  A griffon (Lair:4)
  A siren (Lair:5)
  3 black mambas
  An elephant (D:8)
  11 spiny frogs
  2 rime drakes
  3 komodo dragons
  A troll (D:10)
  4 polar bears
  11 blink frogs
  3 spriggans
  19 yaks
  3 wyverns
  6 basilisks
  5 hippogriffs
  3 nagas (Lair:4)
  13 water moccasins
  11 porcupines
  3 orc warriors
  2 sky beasts
  4 black bears
  4 ogres
  8 wolves
  4 phantoms
  The ghost of Dioneo the Firebug, an amateur DrFE of Ashenzari (D:3)
  A centaur (D:10)
  11 crocodiles
  9 giant frogs
  2 big kobolds (D:7)
  4 scorpions
  A wyvern skeleton (D:9)
  14 killer bees
  4 wights
  4 howler monkeys
  2 electric eels
  A lava snake (Lair:4)
  3 crimson imps
  2 centaur zombies
  5 hounds
  3 jellies
  A centaur skeleton (D:4)
  2 giant frog zombies
  8 orc wizards
  12 orc priests
  3 giant frog skeletons
  11 iguanas
  4 hell rats (Lair:4)
  6 worker ants
  A killer bee zombie (D:10)
  13 sheep
  2 hound zombies
  2 hound skeletons
  A worker ant zombie (D:5)
  8 gnolls
  43 river rats
  9 adders
  2 shadow imps
  3 oozes
  An adder skeleton (D:8)
  An adder zombie (D:8)
  5 worms
  3 dart slugs
  4 giant geckos
  36 orcs
  7 giant cockroaches
  4 goblins
  5 hobgoblins
  7 jackals
  5 quokkas
  A ball python (D:4)
  4 bats
  5 giant newts
  13 kobolds
  A quokka skeleton (D:4)
  9 rats
449 creatures vanquished.

Vanquished Creatures (collateral kills)
  A minotaur (Lab)
  The ghost of Gargoyl the Grappler, a novice TrMo of Makhleb (D:8)
  2 yaks (D:9)
  3 wights (D:7)
  A hound (D:7)
  An iguana (D:7)
  A giant gecko zombie (D:7)
10 creatures vanquished.

Vanquished Creatures (others)
  A centaur (Lair:5)
  A fire vortex (Lair:5)
  7 fungi (Lair:8)
  18 plants (Lair:8)
27 creatures vanquished.

Grand Total: 486 creatures vanquished

Notes
Turn   | Place    | Note
--------------------------------------------------------------
     0 | D:1      | Gargoyl the Troll Monk began the quest for the Orb.
     0 | D:1      | Reached XP level 1. HP: 22/22 MP: 0/0
   100 | D:1      | Reached XP level 2. HP: 29/29 MP: 1/1
   429 | D:1      | Reached XP level 3. HP: 36/36 MP: 2/2
   969 | D:2      | Found a faded altar to an unknown god.
  1044 | D:2      | Found an opulent altar of Gozag.
  1283 | D:3      | Reached XP level 4. HP: 39/44 MP: 3/3
  1310 | D:3      | Noticed Dioneo's ghost (amateur DrFE)
  1323 | D:3      | Killed Dioneo's ghost
  1323 | D:3      | Reached skill level 5 in Unarmed Combat
  1323 | D:3      | Reached XP level 5. HP: 42/53 MP: 4/4
  2033 | D:4      | Found a glowing golden altar of the Shining One.
  2070 | D:4      | Noticed a phantom
  2109 | D:4      | Killed a phantom
  2109 | D:4      | Reached XP level 6. HP: 26/61 MP: 5/5
  2253 | D:4      | Reached skill level 6 in Unarmed Combat
  2331 | D:4      | Found a sacrificial altar of Ru.
  2409 | D:4      | Reached XP level 7. HP: 68/68 MP: 6/6
  2895 | D:4      | Found a staircase to the Ecumenical Temple.
  2901 | Temple   | Entered the Ecumenical Temple
  2919 | Temple   | Became a worshipper of Makhleb the Destroyer
  2919 | Temple   | Reached * piety under Makhleb
  2919 | Temple   | Reached ** piety under Makhleb
  3066 | D:5      | Entered Level 5 of the Dungeon
  3073 | D:5      | Reached skill level 1 in Shields
  3586 | D:5      | Reached XP level 8. HP: 64/79 MP: 7/7
  3799 | D:6      | Reached skill level 5 in Dodging
  3799 | D:6      | Reached skill level 7 in Unarmed Combat
  4223 | D:6      | Reached *** piety under Makhleb
  4755 | D:7      | Reached skill level 5 in Fighting
  4815 | D:7      | Found Tuasig's Jewellery Boutique.
  4844 | D:7      | Bought an uncursed ring of poison resistance for 280 gold pieces
  5248 | D:7      | Reached XP level 9. HP: 78/88 MP: 8/8
  5375 | D:7      | Reached **** piety under Makhleb
  5457 | D:7      | Reached skill level 8 in Unarmed Combat
  5645 | D:8      | Identified the Papyrus of the Creative Birds
  5706 | D:8      | Noticed Gargoyl's ghost (novice TrMo)
  5733 | D:8      | Gained mutation: You are weak. (Str -2) [potion of mutation]
  5733 | D:8      | Gained mutation: You are dopey. (Int -2) [potion of mutation]
  5733 | D:8      | Gained mutation: You are partially covered in rugged brown scales (AC +1, +3% HP). [potion of mutation]
  5905 | D:8      | Killed Gargoyl's ghost
  6006 | D:8      | Found a staircase to the Lair.
  6006 | D:8      | Noticed an elephant
  6027 | D:8      | Killed an elephant
  6540 | D:8      | Reached XP level 10. HP: 100/100 MP: 9/9
  7307 | D:9      | Gained mutation: Your flesh is heat resistant. [potion of mutation]
  7307 | D:9      | Gained mutation: Scrolls take you a little longer to read. [potion of mutation]
  7307 | D:9      | Gained mutation: You are partially covered in rough black scales (AC +4, Dex -1). [potion of mutation]
  7368 | D:9      | Reached skill level 1 in Invocations
  8213 | D:10     | Entered Level 10 of the Dungeon
  8310 | D:10     | Reached skill level 9 in Unarmed Combat
  8683 | D:10     | Reached ***** piety under Makhleb
  9178 | D:10     | Noticed a hill giant
  9191 | D:10     | Killed a hill giant
  9191 | D:10     | Reached skill level 5 in Shields
  9354 | Lair:1   | Entered Level 1 of the Lair of Beasts
  9409 | Lair:1   | Found a labyrinth entrance.
  9429 | Lab      | Entered a labyrinth
  9647 | Lab      | Noticed a minotaur
  9648 | Lab      | Noticed a cacodemon
  9651 | Lab      | Killed a minotaur
  9651 | Lab      | Reached XP level 11. HP: 80/110 MP: 12/12
  9654 | Lab      | Lost mutation: Your flesh is heat resistant. [potion of cure mutation]
  9654 | Lab      | Lost mutation: Scrolls take you a little longer to read. [potion of cure mutation]
  9654 | Lab      | Lost mutation: You are dopey. (Int -2) [potion of cure mutation]
  9654 | Lab      | Lost mutation: You are partially covered in rugged brown scales (AC +1, +3% HP). [potion of cure mutation]
  9674 | Lab      | Got a twitching platinum ring
  9674 | Lab      | Identified Catigaov's Collected Works on Boosting Orientation
  9679 | Lair:1   | Identified the ring of the Kraken {rPois rC+ MR++ Dex+4} (You found it in a labyrinth)
 10467 | Lair:2   | Found an ancient bone altar of Kikubaaqudgha.
 10655 | Lair:2   | Reached skill level 10 in Unarmed Combat
 11659 | Lair:3   | Got a transparent amber ring
 11739 | Lair:3   | Lost mutation: You are weak. (Str -2) [potion of cure mutation]
 11739 | Lair:3   | Lost mutation: You are partially covered in rough black scales (AC +4, Dex -1). [potion of cure mutation]
 11960 | Lair:3   | Noticed Rupert
 11985 | Lair:3   | Killed Rupert
 11985 | Lair:3   | Reached skill level 5 in Invocations
 11985 | Lair:3   | Reached XP level 12. HP: 66/118 MP: 14/14
 12167 | Lair:3   | Identified the ring of Sunlight {rElec rPois rF+ MR+ Dex+3} (You found it on level 3 of the Lair of Beasts)
 12533 | Lair:4   | Found a staircase to the Snake Pit.
 13373 | Lair:5   | Reached skill level 11 in Unarmed Combat
 13416 | Lair:5   | Reached skill level 10 in Dodging
 13711 | Lair:5   | Found a staircase to the Shoals.
 14173 | Lair:5   | Reached ****** piety under Makhleb
 14943 | Lair:6   | Found a staircase to the Slime Pits.
 14966 | Lair:6   | Reached skill level 1 in Throwing
 15694 | Lair:7   | Noticed a death yak
 15695 | Lair:7   | Noticed a death yak
 15696 | Lair:7   | Noticed a death yak
 15715 | Lair:7   | Killed a death yak
 15715 | Lair:7   | Reached XP level 13. HP: 128/128 MP: 16/16
 15733 | Lair:7   | Reached skill level 12 in Unarmed Combat
 16299 | Lair:8   | Entered Level 8 of the Lair of Beasts
 16343 | Lair:8   | Got a crude great mace
 16354 | Lair:8   | Identified the +11 great mace of Wuwkuled {elec, rC+} (You found it on level 8 of the Lair of Beasts)
 17072 | Lair:8   | HP: 5/131 [seven-headed hydra (2)]
 17073 | Lair:8   | HP: 2/131 [seven-headed hydra (4)]
 17318 | Lair:8   | HP: 4/131 [seven-headed hydra (11)]
 17318 | Lair:8   | Slain by a seven-headed hydra

Skill      XL: |  1  2  3  4  5  6  7  8  9 10 11 12 13 |
---------------+----------------------------------------+-----
Fighting       | 3 4 5 6 7 8 9 |  9.0
Dodging        | 3 4 6 7 8 9 10 | 10.7
Unarmed Combat | 5 6 7 8 9 10 11 12 | 12.6
Shields        | 2 3 4 5 6 7 |  7.5
Stealth        | 2 |  2.3
Invocations    | 3 5 6 |  6.8
Throwing       | 1 |  1.1
Evocations     | |  0.2

Action                   |  1- 3 |  4- 6 |  7- 9 | 10-12 | 13-15 || total
-------------------------+-------+-------+-------+-------+-------++-------
Melee: Unarmed           |    86 |    79 |   390 |  1032 |   189 ||  1776
       Punch             |     1 |     1 |       |       |       ||     2
       Flail             |       |       |       |       |    16 ||    16
Throw: Javelin           |       |       |       |    19 |       ||    19
       Large rock        |       |       |       |       |     1 ||     1
Invok: Lesser Servant of |       |       |     2 |     1 |       ||     3
       Greater Servant o |       |       |       |     2 |       ||     2
Evoke: Wand              |       |       |       |     6 |       ||     6
  Use: Scroll            |     7 |     3 |    11 |    18 |     9 ||    48
       Potion            |       |     1 |     3 |    19 |       ||    23
 Stab: Sleeping          |     1 |       |     2 |     4 |     1 ||     8
       Distracted        |       |       |     1 |       |     1 ||     2
       Invisible         |       |       |       |     1 |       ||     1
  Eat: Chunk             |     9 |     8 |    34 |    74 |    12 ||   137
       Beef jerky        |     1 |       |       |       |       ||     1
       Bread ration      |       |       |     1 |     2 |       ||     3
       Pizza             |       |       |     1 |       |       ||     1
       Royal jelly       |       |       |       |     2 |       ||     2
Armor: Robe              |    34 |    22 |    65 |   196 |    35 ||   352
Dodge: Dodged            |    44 |    24 |   164 |   629 |   177 ||  1038
Block: Other             |     2 |     4 |       |       |       ||     6
       Shield            |       |    23 |   228 |   814 |   187 ||  1252
       Reflection        |       |     1 |     3 |    10 |       ||    14
